Unix NetHack Version 5.0.0-0 post-release - last build Jun 10 2026 00:39:30 (3ee93aec679c4c4259841fe613dc97188e26a321,branch:main).

Game began 2026-06-16 01:25:15, ended 2026-06-16 01:30:32.

CyberFan, neutral male human Tourist

                                                     -------
                                    ---------       #.....d|
                                    |.....<..# ##### |%`....#
                                    |.......|# #    #-------#
                                    --+--+---#      #       #
                                      ##     ##     #       ####
                                     ###    ###     #          ##
                                     ##    ###      #           #
                                    ##    # --------#           #  -----------
          --------------           ###    ##|......|#           #  |.!!!!!!!!|
          |............|           # #   ###|..>...|#           ###-.!!.!!!!!|
          |............|           ###   # #|......|#              |.!!!!!!!!|
          |.............####  ########0    #-....|..#              |.!!!!!!!!|
          |............|#######-+-.----   ##--------               |.!!!!!!!!|
          |.............   #   |......%####                        -----------
          --------------   ####|......|
                              #|......|
                              #.......|
                               --------

CyberFan the Werejackal     St:12 Dx:10 Co:17 In:14 Wi:9 Ch:13  Neutral
Dlvl:4  $:752 HP:10(10) Pw:8(8) AC:7  HD:2 T:1053  Overloaded

Latest messages:
 You begin praying to The Lady.
 The werejackal bites!
 It misses the werejackal.
 The little dog misses it.
 You finish your prayer.
 You feel that The Lady is displeased.
 You swap places with your little dog.
 You attack thin air.
 a - an uncursed +2 dart (at the ready) (18 in total).
 The werejackal just misses!
 In what direction?
 The dart hits the werejackal!
 a - 3 uncursed +2 darts (at the ready) (20 in total).
 The little dog misses the werejackal.
 In what direction?
 The dart hits the werejackal.
 The werejackal bites!
 The little dog bites the werejackal.
 The werejackal is killed!
 You see here a werejackal corpse.
 You swap places with your little dog.
 There's some graffiti on the floor here.
 You read: "Che istry  01  Never pour vate? ?nto acid."
 You hear a chugging sound.
 "Aloha, CyberFan!  Welcome to Weliki Oestjoeg's liquor emporium!"
 In what direction?
 You kill the lichen!
 Weliki Oestjoeg seems uninterested.
 a - an uncursed +2 dart (at the ready) (19 in total).
 You see here a potion of healing (for sale, 27 zorkmids).
 The little dog picks up a cloudy potion.
 The little dog drops a cloudy potion.
 Where do you want to travel to?
 (For instructions type a '?')
 The little dog picks up a potion of extra healing.
 You turn into a werejackal!
 You become much too small for your shirt!
 You can't even move a handspan with this load!
 Use the command #monster to summon help.
 #
 You begin praying to The Lady.
 You finish your prayer.
 The voice of The Lady booms: "Thou hast angered me."
 A black glow surrounds you.
 You feel a malignant aura surround you.
 You collapse under your load.
 You collapse under your load.
 You collapse under your load.
 You collapse under your load.
 #

Inventory:
 Coins    ('$')
  $ - 752 gold pieces
 Weapons  (')')
  a - 19 uncursed +2 darts (at the ready)
 Comestibles  ('%')
  c - 11 uncursed food rations
  d - 3 cursed eggs
 Scrolls  ('?')
  r - a cursed scroll of food detection
  u - an uncursed scroll of identify
  f - a blessed scroll of magic mapping
  g - 3 uncursed scrolls of magic mapping
  w - an uncursed scroll of remove curse
  x - an uncursed scroll of scare monster
 Potions  ('!')
  A - a cursed potion of booze
  l - a cursed potion of enlightenment
  e - 2 uncursed potions of extra healing
  n - a cursed potion of gain energy
  q - an uncursed potion of gain level
  m - 7 uncursed potions of healing
  B - an uncursed potion of levitation
 Rings    ('=')
  z - an uncursed ring of sustain ability
 Tools    ('(')
  j - an uncursed credit card
  i - an uncursed expensive camera (0:66)
  p - an uncursed pair of lenses
 Gems/Stones  ('*')
  o - an uncursed worthless piece of white glass

CyberFan the Tourist's attributes:

Background:
 You were in male werejackal form.
 You were actually a Sightseer, a level 3 male human Tourist.
 You were neutral, on a mission for The Lady
 who was opposed by Blind Io (lawful) and Offler (chaotic).
 You were normally right-handed.
 You were in the Dungeons of Doom, on level 4.
 You entered the dungeon 1053 turns ago.
 It was nighttime.
 There was a new moon in effect when your adventure ended.

Basics:
 You had all 10 hit points.
 You had all 8 energy points (spell power).
 You had 2 hit dice.
 Your armor class was 7.
 Your wallet contained 752 zorkmids.
 Autopickup was on for '$%?!"=/*' plus thrown, with exceptions.

Final Characteristics:
 Your strength was 12.
 Your dexterity was 10.
 Your constitution was 17.
 Your intelligence was 14.
 Your wisdom was 9.
 Your charisma was 13.

Final Status:
 You were transformed.
 You weren't hungry.
 You were overloaded; movement was not possible.
 You weren't wielding anything.
 You were unskilled in bare handed combat.
 You weren't wearing any armor.

Final Attributes:
 You had sinned.
 You were poison resistant.
 You were level-drain resistant.
 You regenerated.
 You were a werejackal in beast form.
 You were harmed by silver.
 You were unlucky.
 The Lady was angry with you.
 You survived.

Miscellaneous:
 You disabled loading of bones levels.
 Total elapsed playing time was 5 minutes and 16 seconds.

Major events:
 Turn
    1: CyberFan the neutral male human Tourist entered the dungeon
  735: entered the Gnomish Mines
  995: attained the rank of Sightseer (level 3)
 1053: quit

Spells:
 Name                 Level Category     Fail Retention
 fireball               4   attack       100%  76%-100%

Skills:
 Fighting Skills
   bare handed combat [Unskilled]
   two weapon combat  [Unskilled]
   riding             [Unskilled]
 Weapon Skills
   dagger             [Unskilled]
   knife              [Unskilled]
   axe                [Unskilled]
   pick-axe           [Unskilled]
   short sword        [Unskilled]
   broadsword         [Unskilled]
   long sword         [Unskilled]
   two-handed sword   [Unskilled]
   saber              [Unskilled]
   mace               [Unskilled]
   morning star       [Unskilled]
   flail              [Unskilled]
   hammer             [Unskilled]
   quarterstaff       [Unskilled]
   polearms           [Unskilled]
   spear              [Unskilled]
   trident            [Unskilled]
   lance              [Unskilled]
   bow                [Unskilled]
   sling              [Unskilled]
   crossbow           [Unskilled]
   dart               [Basic]
   shuriken           [Unskilled]
   boomerang          [Unskilled]
   whip               [Unskilled]
   unicorn horn       [Unskilled]
 Spellcasting Skills
   divination spells  [Unskilled]
   enchantment spells [Unskilled]
   escape spells      [Unskilled]

Voluntary challenges:
 Character rerolling was not enabled.
 You never hit with a wielded weapon.
 You never genocided any monsters.
 You never polymorphed an object.
 You used no wishes.
Achievements:
 You entered a shop.
 You entered the Gnomish Mines.
 You attained the rank of Sightseer.

 The Dungeons of Doom: levels 1 to 4
    Level 1:
       A fountain.
    Level 2:
    Level 3:
       A general store.
       Stairs down to The Gnomish Mines.
    Level 4: <- You were here.
       A potion shop, a grave.
 The Gnomish Mines:
    Level 4:


Vanquished creatures:
  a werejackal
  a gnome zombie
  a gecko
  3 jackals
  2 foxes
  a goblin
  a sewer rat
  a bat
  3 lichens
  2 kobold zombies
16 creatures vanquished.

No species were genocided or became extinct.

Aloha CyberFan the Tourist...

You quit in The Dungeons of Doom on dungeon level 4 with 565 points,
and 752 pieces of gold, after 1053 moves.
You were level 3 with a maximum of 28 hit points when you quit.

